 Dungeon Crawl Stone Soup version 0.30.1 (webtiles) character file.

Game seed: 6299192301858807521

213 Sabo the Chopper (level 5, -1/47 HPs)
             Began as a Minotaur Monk on July 4, 2023.
             Was a Believer of Makhleb.
             Slain by a chaos spawn (11 damage)
             ... summoned by a kobold demonologist
             ... on level 5 of the Dungeon.
             The game lasted 00:18:21 (3747 turns).

Sabo the Chopper (Minotaur Monk)                    Turns: 3747, Time: 00:18:21

Health: -1/47      AC:  8    Str: 18      XL:     5   Next: 59%
Magic:  4/4        EV: 12    Int:  4 (7)  God:    Makhleb [**....]
Gold:   296        SH:  0    Dex: 12      Spells: 4/4 levels left

rFire   . . .        a - +0 hand axe
rCold   + . .        d - orb {light}
rNeg    . . .        n - +3 ring mail {rC+}
rPois   .            (helmet restricted)
rElec   .            (no cloak)
rCorr   .            (no gloves)
SInv    .            (no boots)
Will    .....        (no amulet) Stlth
                     (no ring)
HPRegen 0.27/turn    (no ring)
MPRegen 0.09/turn

%: no passive effects
@: confused, ambrosia-drunk, glowing
A: horns 2, retaliatory headbutt
a: Renounce Religion, Minor Destruction


You were on level 5 of the Dungeon.
You worshipped Makhleb.
Makhleb was pleased with you.
You visited 1 branch of the dungeon, and saw 5 of its levels.

You collected 296 gold pieces.

Inventory:

Hand Weapons
 a - a +0 hand axe (weapon)
 f - a +0 sling
Missiles
 o - 5 poisoned darts (quivered)
 s - 6 atropa-tipped darts
 t - 5 boomerangs
Armour
 d - an orb of light (worn)
 n - a +3 ring mail of cold resistance (worn)
Scrolls
 e - a scroll of poison
 j - a scroll of fear
 u - a scroll of butterflies {unknown}
 v - a scroll of teleportation {unknown}
Potions
 b - 2 potions of degeneration {unknown}
 g - a potion of lignification {unknown}
 h - a potion of might {unknown}
 i - a potion of flight {unknown}
 k - a potion of resistance {unknown}
 m - 2 potions of attraction {unknown}
 p - 2 potions of curing {unknown}
 q - 3 potions of brilliance {unknown}
 r - 2 potions of haste {unknown}


   Skills:
 + Level 4.8 Fighting
 + Level 5.6 Axes
 + Level 0.1 Throwing
 + Level 1.2 Armour
 + Level 4.5 Dodging
 + Level 0.7 Stealth


You had 4 spell levels left.
You didn't know any spells.
Your spell library contained the following spells:

 Spells                   Type           Power      Damage    Failure   Level
 Ensorcelled Hibernation  Hex/Ice        0%         N/A       83%         2
 Passwall                 Tmut/Erth      0%         N/A       83%         2
 Swiftness                Air            0%         N/A       97%         3


Dungeon Overview and Level Annotations

Branches:
Dungeon (5/15)
 Temple: D:4-7

Altars:
Makhleb
Ru
Sif Muna


Innate Abilities, Weirdness & Mutations

You have a pair of horns on your head.
You reflexively headbutt those who attack you in melee.


Message History

The kobold brigand is heavily wounded.
The kobold brigand hits you with a +0 whip. x2
You slash the kobold brigand! You headbutt the kobold brigand.
You kill the kobold brigand!
Makhleb accepts your kill.
Your Armour skill increases to level 1!
You hit the kobold demonologist but do no damage.
You headbutt the kobold demonologist!
The kobold demonologist is moderately wounded.
The kobold demonologist miscasts a cantrip.
You hit the kobold demonologist.
The kobold demonologist is moderately wounded.
The kobold demonologist hits you with a +0 dagger.
You hit the kobold demonologist.
The kobold demonologist is moderately wounded.
The kobold demonologist mumbles some strange words.
You hit the kobold demonologist but do no damage.
The kobold demonologist is moderately wounded.
You hit the chaos spawn but do no damage.
An ufetubus comes into view.
The chaos spawn barely misses you.
The kobold demonologist hits you with a +0 dagger.
The ufetubus moves out of view.
You hit the kobold demonologist.
The kobold demonologist is heavily wounded.
You hit the chaos spawn.
The kobold demonologist looks satisfied for a moment.
The chaos spawn hits you. The chaos spawn shocks you!
You hit the kobold demonologist.
The kobold demonologist is heavily wounded.
You hit the chaos spawn but do no damage.
The neqoxec gestures at you.
You feel dopey. Something feeds on your intellect! The chaos spawn gores you!
* * * LOW HITPOINT WARNING * * *
The kobold demonologist hits you with a +0 dagger.
* * * LOW HITPOINT WARNING * * *
You are confused.
You feel invigorated. The chaos spawn gores you!
You die...

###.. .#.# .... ..#
#.## # #..####...
###.........
##..#########.....#
#..3KKK@......#..##
#.#..###4.#####..#
#.. ##.# #..## #
...# #...## #....#
#.#..# ##..##
#.##.##### .♣..
#.##.#... ♣ .)♣
#.##.#.# #......#


You could see a kobold demonologist, a neqoxec (summoned), a chaos spawn
(summoned), a kobold brigand and a kobold.

Vanquished Creatures
  A kobold brigand (D:5)
  An iguana (D:4)
  4 adders
  2 dart slugs
  An orc (D:4)
  4 bats
  6 endoplasms
  5 giant cockroaches
  10 goblins
  3 hobgoblins
  2 jackals (D:3)
  8 kobolds
  4 quokkas
  7 ball pythons
  16 frilled lizards
  8 rats
82 creatures vanquished.

Notes
Turn   | Place    | Note
-------+----------+-------------------------------------------
     0 | D:1      | Sabo the Minotaur Monk began the quest for the Orb.
     0 | D:1      | Reached XP level 1. HP: 19/19 MP: 0/0
    85 | D:1      | Reached XP level 2. HP: 25/27 MP: 1/1
   106 | D:1      | Found a faded altar of an unknown god.
   123 | D:1      | Reached skill level 4 in Axes
   635 | D:1      | Reached XP level 3. HP: 33/33 MP: 2/2
  1936 | D:2      | Reached XP level 4. HP: 41/41 MP: 3/3
  2223 | D:3      | Found a shimmering blue altar of Sif Muna.
  2315 | D:3      | Reached skill level 5 in Axes
  2428 | D:3      | Found a burning altar of Makhleb.
  2432 | D:3      | Found a sacrificial altar of Ru.
  2445 | D:3      | Became a worshipper of Makhleb the Destroyer
  2445 | D:3      | Reached * piety under Makhleb
  2445 | D:3      | Reached ** piety under Makhleb
  3139 | D:4      | Reached XP level 5. HP: 47/47 MP: 4/4
  3638 | D:5      | Entered Level 5 of the Dungeon
  3638 | D:5      | Noticed an ogre
  3638 | D:5      | Noticed a water moccasin
  3734 | D:5      | Noticed a kobold demonologist
  3741 | D:5      | Reached skill level 1 in Armour
  3741 | D:5      | Noticed a neqoxec
  3744 | D:5      | Noticed a chaos spawn
  3747 | D:5      | Slain by a chaos spawn

Illustrated notes

Levels and vault maps discovered:
D:1:      elethiomel_arrival_infinity_welcomes_careful_drivers,
          layout_loops_ring, serial_glass, glass_columns_a, glass_columns_b,
          basic_ecumenical_altar, minivault_25, minmay_misc_feat_rugged,
          minmay_lizard_pond
D:2:      layout_loops_corners, dk_vineyard_1
D:3:      layout_rooms, minitemple, mainiacjoe_overflow_six_doors_small,
          palyth_stone_intersect, minmay_misc_feat_rows
D:4:      layout_loops_corners, serial_rivers, chequers_serial_rivers_small_a,
          chequers_serial_rivers_small_3, chequers_serial_rivers_large_a,
          chequers_serial_rivers_micro_c, minmay_misc_feat_x
D:5:      layout_rooms, minmay_temple_entry_proselytizer, goddamned_bats,
          uniq_menkaure, uniq_grinder, uniq_crazy_yiuf_cottage

Skill      XL: |  1  2  3  4  5 |
---------------+----------------+-----
Axes           | 4 5 |  5.6
Fighting       | 4 |  4.8
Dodging        | 4 |  4.5
Armour         | 1 |  1.2
Throwing       | |  0.1
Stealth        | |  0.7

Action                     |  1- 3 |  4- 6 || total
---------------------------+-------+-------++-------
  Melee: Hand axe          |    85 |    49 ||   134
         Headbutt          |    10 |    11 ||    21
  Throw: Dart              |     2 |       ||     2
    Use: Scroll            |     3 |     5 ||     8
         Potion            |       |     1 ||     1
 Armour: Robe              |    19 |       ||    19
         Ring mail         |     7 |    17 ||    24
  Dodge: Dodged            |    52 |    41 ||    93
